 Dungeon Crawl Stone Soup version 0.27-a0-1347-gd8886f0a89 (webtiles) character file.

Game seed: 15390068624934136610

21 freelancePsychic the Skirmisher (level 3, 19/30 HPs)
             Began as a Djinni Wanderer on June 26, 2021.
             Was a Follower of Zin.
             Quit the game on level 2 of the Dungeon on June 28, 2021.
             The game lasted 00:01:51 (1171 turns).

freelancePsychic the Skirmisher (Djinni Wanderer)   Turns: 1171, Time: 00:01:52

Health: 19/30      AC:  3    Str: 11    XL:     3   Next: 5%
Gold:   60         EV: 11    Int: 14    God:    Zin [*.....] SH:  0 Dex: 12

rFire    + + .     SeeInvis .   a - +2 spear
rCold    x . .     Faith    .   (no shield)
rNeg     . . .     Spirit   .   b - +0 robe
rPois    ∞         Reflect  .   (no helmet)
rElec    .         Harm     .   f - +0 cloak
rCorr    .         Rampage  .   (no gloves)
Will     .....                  (boots unavailable)
Stlth    ++........             (no amulet)
HPRegen  0.10/turn              (no ring)
MPRegen  0.00/turn              (no ring)

@: flying
A: sickness immunity, fire resistance 2, cold vulnerability 1, float, innate
caster, hp casting, extra vitality 1
a: Renounce Religion, Recite, Donate Gold


You were on level 2 of the Dungeon.
You worshipped Zin.
Zin was aware of your devotion.
You visited 1 branch of the dungeon, and saw 2 of its levels.

You collected 66 gold pieces.
You donated 6 gold pieces to Zin.

Inventory:

Hand Weapons
 a - a +2 spear (weapon)
 c - a +0 dagger
Armour
 b - a +0 robe (worn)
 f - a +0 cloak (worn)
Jewellery
 k - a ring of poison resistance
Scrolls
 d - a scroll of blinking {unknown}
 e - a scroll of identify {unknown}
 g - a scroll of teleportation {unknown}
Potions
 h - a potion of curing {unknown}
 i - a potion of heal wounds {unknown}
 j - a potion of lignification {unknown}
 l - a potion of berserk rage {unknown}


   Skills:
 - Level 3.0 Fighting
 - Level 2.4 Polearms
 - Level 1.0 Crossbows
 - Level 1.5 Stealth
 - Level 1.0 Shields
 * Level 1.6 Spellcasting


You couldn't memorise any spells.
You knew the following spells:

 Your Spells              Type           Power      Damage    Failure   Level
a - Pain                  Necr           20%        1d5       12%         1
b - Vampiric Draining     Necr           2%         2d6       36%         3
c - Sting                 Tmut/Pois      20%        1d4       12%         1

Your spell library contained the following spells:

 Spells                   Type           Power      Damage    Failure   Level


Dungeon Overview and Level Annotations

Branches:
Dungeon (2/15)

Altars:
Zin


Innate Abilities, Weirdness & Mutations

You are immune to sickness and miasma.
You are immune to poison.
Your flesh is very heat resistant. (rF++)
You are vulnerable to cold. (rC-)
You float through the air rather than walking.
You learn spells naturally, not from books.
Your magical power is your life essence.
You have superior vitality. (+4 HP)


Message History

A goblin comes into view. It is wielding a +0 dagger.
You are too injured to fight recklessly!
The goblin shouts!
You hit the goblin.
You kill the goblin!
The bat closely misses you.
Things that are here:
a +0 dagger; a goblin corpse A bat is nearby!
You are too injured to fight recklessly!
The bat hits you but does no damage. The bat hits you but does no damage.
Found an escape hatch in the floor.
The bat closely misses you. The bat hits you.
You barely miss the bat. The bat hits you but does no damage. The bat hits you.
The bat barely misses you. The bat closely misses you.
The bat hits you but does no damage. The bat hits you.
You hit the bat.
The bat is moderately wounded.
The bat barely misses you.
You barely miss the bat.
The bat is moderately wounded.
The bat barely misses you. The bat hits you but does no damage.
Reach: a) +2 spear
Press: ? - help, Dir - move target, f - bat
Aim: a bat (moderately wounded, about 49% to evade your +2 spear)
You reach to attack!
You miss the bat.
The bat is moderately wounded.
The bat hits you but does no damage.
Reach: a) +2 spear
Press: ? - help, Dir - move target, f/p - bat
Aim: a bat (moderately wounded, about 49% to evade your +2 spear)
You hit the bat.
You kill the bat!
Welcome back, freelancePsychic the Djinni Wanderer.
Zin says: Spread the light, my child.
Press ? for a list of commands and other information.
Are you sure you want to abandon this character and quit the game? (Confirm with "yes".)

#.......# #.......
##......# .......+
##..>...## #........#
#........# #...@....#
##.......####
##.###.....# #......
#.# .....# #......
#.# .....#.#......
#.###†....#.#......
###.).......#.#......
#...........#.#......
###.###.....#.#......


There were no monsters in sight!

Vanquished Creatures
  An adder (D:2)
  2 bats
  An endoplasm (D:1)
  4 goblins
  2 hobgoblins (D:1)
  A ball python (D:1)
  A rat (D:1)
12 creatures vanquished.

Notes
Turn   | Place    | Note
-------+----------+-------------------------------------------
     0 | D:1      | freelancePsychic the Djinni Wanderer began the quest for
                  | the Orb.
     0 | D:1      | Reached XP level 1. HP: 20/20 MP: 0/0
   494 | D:1      | Reached skill level 1 in Spellcasting
   494 | D:1      | Reached XP level 2. HP: 20/25 MP: 0/0
   819 | D:1      | Found a faded altar of an unknown god.
   957 | D:1      | Became a worshipper of Zin the Law-Giver
   957 | D:1      | Reached * piety under Zin
  1139 | D:2      | Reached XP level 3. HP: 19/30 MP: 0/0
  1139 | D:2      | Learned a level 1 spell: Sting
  1171 | D:2      | Upgraded the game from 0.27-a0-1332-g84bddb5ca7 to
                  | 0.27-a0-1347-gd8886f0a89
  1171 | D:2      | Quit the game

Illustrated notes

Levels and vault maps discovered:
D:1:      nzn_arrival_water_spiral, layout_basic,
          hellmonk_ecumenical_altar_lost_god
D:2:      layout_basic, amethyst_killhole, minivault_19

Skill      XL: |  1 |
---------------+----+-----
Spellcasting   | 1 |  1.6
Fighting       | |  3.0
Polearms       | |  2.4
Crossbows      | |  1.0
Stealth        | |  1.5
Shields        | |  1.0

Action                   || total
-------------------------++-------
Melee: Spear             ||    32
 Cast: Pain              ||    14
Armor: Robe              ||     8
Dodge: Dodged            ||    16

Table legend: (Time is in decaauts)
 A = Elapsed time spent in this place.
 B = Non-inter-level travel time spent in this place.
 C = Inter-level travel time spent in this place.
 D = Time resting spent in this place.
 E = Time spent auto-exploring this place.
 F = Levels seen in this place.
 G = Mean time per level.
                   A        B        C        D        E       F      G
               +--------+--------+--------+--------+--------+-----+--------+
         Total |   1170 |   1137 |     33 |      0 |   1029 |   2 |  585.0 |
       Dungeon |   1170 |   1137 |     33 |      0 |   1029 |   2 |  585.0 |
               +--------+--------+--------+--------+--------+-----+--------+

Top non-repeatable levels by time:
     D:1: 1092 daAuts
     D:2: 78 daAuts
